 Seeded DCSS version 0.30-a0-341-g6827065 (webtiles) character file.

Game seed: 6033394696749092527 (custom seed)

98 Sixotanaka the Ruffian (level 4, -3/33 HPs)
             Began as a Ghoul Necromancer on Nov 2, 2022.
             Slain by an ogre
             ... wielding a +0 giant club
              (21 damage)
             ... on level 4 of the Dungeon.
             The game lasted 00:08:24 (2065 turns).

Sixotanaka the Ruffian (Ghoul Necromancer)          Turns: 2065, Time: 00:08:25

Health: -3/33      AC:  7    Str: 13    XL:     4   Next: 71%
Magic:  5/5        EV:  9    Int: 10    God:
Gold:   193        SH:  0    Dex:  9    Spells: 5/6 levels left

rFire   . . .      SeeInvis .      - Unarmed
rCold   + . .      Faith    .    (no shield)
rNeg    + + +      Spirit   .    m - +0 scale mail {Will+}
rPois   ∞          Reflect  .    (no helmet)
rElec   .          Harm     .    g - +0 cloak
rCorr   .          Rampage  .    (no gloves)
Will    +....                    (no boots)
Stlth   +.........               (no amulet)
HPRegen 0.00/turn                (no ring)
MPRegen 0.09/turn                (no ring)

@: inhibited regen
A: claws 1, cold resistance 1, negative energy resistance 3, inhibited
regeneration, torment resistance 2, devour on kill
a: no special abilities


You were on level 4 of the Dungeon.
You visited 1 branch of the dungeon, and saw 5 of its levels.

You collected 193 gold pieces.

Inventory:

Missiles
 n - 8 poisoned darts (quivered)
 r - 4 atropa-tipped darts
Armour
 g - a +0 cloak (worn)
 m - a +0 scale mail of willpower (worn)
Jewellery
 i - a ring of ice
Wands
 q - a wand of mindburst (16)
Scrolls
 a - a scroll of enchant weapon {unknown}
 d - 4 scrolls of teleportation
 j - a scroll of identify
 l - a scroll of summoning {unknown}
 o - 2 scrolls of blinking
 p - a scroll of butterflies {unknown}
 s - a scroll of fear {unknown}
Potions
 b - a potion of magic
 c - a potion of cancellation {unknown}
 e - 2 potions of brilliance
 f - 2 potions of berserk rage {unknown}
 h - a potion of curing
 k - a potion of attraction {unknown}
 t - 3 potions of heal wounds {unknown}


   Skills:
 - Level 1.7 Dodging
 + Level 2.7 Stealth
 * Level 4.3 Unarmed Combat
 - Level 1.7 Spellcasting
 - Level 4.0 Necromancy


You had 5 spell levels left.
You knew the following spells:

 Your Spells              Type           Power      Damage    Failure   Level
a - Necrotise             Necr           32%        1d5       30%         1

Your spell library contained the following spells:

 Spells                   Type           Power      Damage    Failure   Level
 Vampiric Draining        Necr           8%         2d6       67%         3
 Animate Dead             Necr           8%         N/A       97%         4
 Portal Projectile        Hex/Tloc       0%         N/A       99%         3
 Tukima's Dance           Hex            0%         N/A       99%         3
 Petrify                  Tmut/Erth      0%         N/A       100%        4
 Agony                    Necr           8%         N/A       100%        5
 Irradiate                Conj/Tmut      0%         3d11      100%        5
 Sublimation of Blood     Necr           Unusable   N/A       N/A         2
 Blade Hands              Tmut           Unusable   N/A       N/A         5

Dungeon Overview and Level Annotations

Branches:
Dungeon (5/15)
 Temple: D:4-7

Altars:
Dithmenos
Nemelex Xobeh


Innate Abilities, Weirdness & Mutations

You are immune to poison.
You have sharp fingernails.
Your flesh is cold resistant. (rC+)
You are immune to negative energy. (rN+++)
You do not regenerate when monsters are visible.
You are immune to unholy pain and torment.
You thrive by killing the living.


Message History

You feel strangely unstable.
It was a scroll of teleportation.
Blink to where?
Press: ? - help, Dir - move target
As you read the scroll labelled SURETSEMNY, it crumbles to dust.
It was a scroll of blinking.
As you read the scroll labelled LAGIRY CISM, it crumbles to dust.
It is a scroll of identify.
e - 2 potions of brilliance Your surroundings suddenly seem different.
There is a stone staircase leading down here.
You climb downwards.
There is a stone staircase leading up here.
There is a stone staircase leading up here.
Okay, then.
Aiming: Mindburst
Press: ? - help, Shift-Dir - straight line, f - ogre
Aim: an ogre, wielding a +0 giant club (chance to affect: 64%)
The ogre's mind is blasted.
Aiming: Mindburst
Press: ? - help, Shift-Dir - straight line, f/p - ogre
Aim: an ogre, wielding a +0 giant club (lightly wounded, chance to affect: 64%)
The ogre struggles to resist.
Aiming: Mindburst
Press: ? - help, Shift-Dir - straight line, f/p - ogre
Aim: an ogre, wielding a +0 giant club (lightly wounded, chance to affect: 64%)
The ogre struggles to resist.
Aiming: Mindburst
Press: ? - help, Shift-Dir - straight line, f/p - ogre
Aim: an ogre, wielding a +0 giant club (lightly wounded, chance to affect: 64%)
The ogre struggles to resist.
You scratch the ogre.
The ogre is moderately wounded.
The ogre hits you with a +0 giant club!
You claw the ogre!
The ogre is severely wounded.
You barely miss the ogre.
The ogre is severely wounded.
The ogre hits you with a +0 giant club!!
Ouch! That really hurt!
You die...

#########
####.......####
#.......##.##.##
#.##.##.##.#.#.######
#.#..@#.....###.....#
#.#..O.[##.#.#.####.#
#.#...#.##.##<## #÷##
#.##.......#### #..#
#.......#### ##.#
####.#### #.#
..........# #.# .(
.)...#.##.#...# #.#
#.(....
#.#...##....... #.#


You could see an ogre.

Vanquished Creatures
  4 adders
  2 worms
  A dart slug (D:4)
  An orc (D:3)
  4 bats
  6 endoplasms
  2 giant cockroaches
  4 goblins
  4 hobgoblins
  2 jackals (D:1)
  8 kobolds
  5 ball pythons
  6 frilled lizards
  2 rats
51 creatures vanquished.

Vanquished Creatures (collateral kills)
  A ball python (D:1)
1 creature vanquished.

Grand Total: 52 creatures vanquished

Notes
Turn   | Place    | Note
-------+----------+-------------------------------------------
     0 | D:1      | Sixotanaka the Ghoul Necromancer began the quest for the
                  | Orb.
     0 | D:1      | Reached XP level 1. HP: 14/14 MP: 2/2
   209 | D:1      | Reached skill level 1 in Unarmed Combat
   293 | D:1      | Reached XP level 2. HP: 20/20 MP: 0/3
   592 | D:1      | You fall into a shaft and drop 1 floor!
   693 | D:2      | Reached XP level 3. HP: 26/26 MP: 4/4
   796 | D:2      | Found a shadowy altar of Dithmenos.
  1357 | D:3      | Reached XP level 4. HP: 33/33 MP: 5/5
  1558 | D:4      | Noticed a black bear
  1910 | D:5      | Entered Level 5 of the Dungeon
  1910 | D:5      | Noticed an ogre
  1922 | D:4      | Noticed an ogre
  1922 | D:4      | Found the +6 shillelagh "Devastator" {shatter}
  1923 | D:4      | Noticed an ogre
  1977 | D:4      | Found a sparkling altar of Nemelex Xobeh.
  2065 | D:4      | Slain by an ogre

Illustrated notes

Levels and vault maps discovered:
D:1:      dpeg_arrival_rhombus, layout_basic, minmay_misc_feat_iff,
          minmay_misc_feat_diagonals, corexii_item_surrounded_by_moat,
          minmay_pentomino_v4
D:2:      layout_loops_corners, basic_altar
D:3:      layout_loops_ring, kennysheep_big_empty_room,
          wander_ebering_terrifying_dragon_lair
D:4:      layout_loops_cross, kennysheep_mini, minmay_temple_entry_antechambers,
          dilly_guarded_unrand_devastator
D:5:      layout_cave_pools, grunt_temple_overflow_growth_and_decay,
          marbit_many_paths

Skill      XL: |  1  2  3  4 |
---------------+-------------+-----
Unarmed Combat | 1 3 4 |  4.3
Dodging        | |  1.7
Stealth        | |  2.7
Spellcasting   | |  1.7
Necromancy     | |  4.0

Action                   |  1- 3 |  4- 6 || total
-------------------------+-------+-------++-------
Melee: Unarmed           |   100 |    78 ||   178
       Punch             |     2 |     1 ||     3
Throw: Dart              |     2 |     5 ||     7
 Cast: Necrotise         |    21 |       ||    21
Evoke: Wand              |       |     4 ||     4
  Use: Scroll            |       |     3 ||     3
 Stab: Sleeping          |     1 |       ||     1
Armor: Scale mail        |    34 |    21 ||    55
       Robe              |     4 |       ||     4
Dodge: Dodged            |    56 |    29 ||    85

Table legend: (Time is in decaauts)
 A = Elapsed time spent in this place.
 B = Non-inter-level travel time spent in this place.
 C = Inter-level travel time spent in this place.
 D = Time resting spent in this place.
 E = Time spent auto-exploring this place.
 F = Levels seen in this place.
 G = Mean time per level.
                   A        B        C        D        E       F      G
               +--------+--------+--------+--------+--------+-----+--------+
         Total |   2056 |   1869 |    187 |    216 |    150 |   5 |  411.2 |
       Dungeon |   2056 |   1869 |    187 |    216 |    150 |   5 |  411.2 |
               +--------+--------+--------+--------+--------+-----+--------+

Top non-repeatable levels by time:
     D:2: 677 daAuts
     D:1: 591 daAuts
     D:3: 491 daAuts
     D:4: 294 daAuts
     D:5: 1 daAuts
